 Dungeon Crawl Stone Soup version 0.30-a0-168-g0b976cbdc4 (webtiles) character file.

Game seed: 4589272030831763939

154424 qw the Peltast (level 17, -14/162 HPs)
             Began as a Gargoyle Fighter on Sept 29, 2022.
             Was a High Priest of Okawaru.
             Killed from afar by a wretched star (24 damage)
             ... with a lance of force
             ... on level 3 of the Abyss.
             The game lasted 00:14:12 (31811 turns).

qw the Peltast (Gargoyle Fighter)                  Turns: 31811, Time: 00:14:13

Health: -14/162    AC: 43    Str: 39    XL:     17   Next: 62%
Magic:  1/24       EV:  9    Int:  6    God:    Okawaru [*****.]
Gold:   518        SH: 27    Dex: 15    Spells: 16/16 levels left

rFire   + . .      SeeInvis +    E - +5 broad axe "Musass" {vamp, Dex+4}
rCold   . . .      Faith    .    F - +2 tower shield
rNeg    + . .      Spirit   .    H - +5 plate armour {rF+}
rPois   inf        Reflect  +    t - +2 helmet {SInv}
rElec   +          Harm     .    u - +2 cloak
rCorr   .          Rampage  .    C - +2 pair of gloves {infuse}
Will    +....      Rage     9%   h - +2 pair of boots
Stlth   ..........               x - amulet of reflection
HPRegen 0.37/turn                a - +6 ring of strength
MPRegen 0.19/turn                i - +6 ring of strength

@: berserking, corroded, flying, slowed, unable to read, unable to drink
A: sickness immunity, AC +12, big wings, negative energy resistance 1,
electricity resistance, torment resistance 1, petrification resistance, talons
1, thin skeletal structure 1, dopey 2, subdued magic 1, inability to drink after
injury 1, [berserk 2], ([teleportitis 2]), [no potion heal 2], [inability to
read after injury 2]
a: Renounce Religion, Heroism, Finesse, Duel


You were on level 3 of the Abyss.
You worshipped Okawaru.
Okawaru was extremely pleased with you.
You visited 4 branches of the dungeon, and saw 25 of its levels.
You visited the Abyss 1 time.

You collected 2253 gold pieces.
You spent 1735 gold pieces at shops.


Innate Abilities, Weirdness & Mutations

You are immune to sickness and miasma.
Your stone body is resilient. (AC +12)
You are immune to poison.
Your large and strong wings let you fly.
You resist negative energy. (rN+)
You are resistant to electric shocks. (rElec)
You are resistant to unholy torment.
You are immune to petrification.
You have sharp toenails.
You have a somewhat thin skeletal structure. (Dex +2, Stealth+)
You are very dopey. (Int -4)
Your spells are a little easier to cast, but a little less powerful.
You occasionally lose the ability to drink potions when taking damage.
[You have an uncontrollable temper.]
[((You are often teleported next to monsters.))]
[Potions cannot restore your health.]
[You sometimes lose the ability to read scrolls when taking damage.]


   Skills:
 - Level 13.0 Fighting
 + Level 17.4 Axes
 - Level 6.0 Throwing
 - Level 12.0 Armour
 - Level 5.0 Dodging
 - Level 17.5 Shields
 - Level 10.0 Invocations


You had 16 spell levels left.
You didn't know any spells.
Your spell library was empty.

Inventory:

Hand Weapons
 y - the +9 broad axe of Cowardice {elec, rPois Str+4 Dex-5 SInv}
   (Okawaru gifted it to you on level 3 of the Lair of Beasts)

   It occasionally discharges a powerful burst of electricity upon striking a
   foe.
   Str:       It affects your strength (+4).
   Dex:       It affects your dexterity (-5).
   rPois:     It protects you from poison.
   SInv:      It lets you see invisible.
 A - the +6 hand axe of Doom {flame, rElec rF+ Str-2 Int+4 Dex+3}
   (You found it on level 4 of the Lair of Beasts)

   It burns those it strikes, dealing additional fire damage.
   Big, fiery blades are also staple armaments of hydra-hunters.
   Str:       It affects your strength (-2).
   Int:       It affects your intelligence (+4).
   Dex:       It affects your dexterity (+3).
   rF:        It protects you from fire.
   rElec:     It insulates you from electricity.
 E - the +5 broad axe "Musass" (weapon) {vamp, Dex+4}
   (You acquired it on level 11 of the Dungeon)

   It occasionally heals its wielder for a portion of the damage dealt when it
   wounds a living foe.
   Dex:       It affects your dexterity (+4).
Missiles
 w - 3 silver boomerangs
 D - 29 boomerangs
 M - 2 javelins (quivered)
Armour
 h - a +2 pair of boots (worn)
 r - a +0 plate armour of cold resistance
 t - a +2 helmet of see invisible (worn)
 u - a +2 cloak (worn)
 z - the +13 chain mail of Giotut {Harm rC+}
   (Okawaru gifted it to you on level 4 of the Lair of Beasts)

   rC:        It protects you from cold.
   Harm:      It increases damage dealt and taken.
 C - a +2 pair of gloves of infusion (worn)
 F - a +2 tower shield (worn)
 G - +0 acid dragon scales
 H - a +5 plate armour of fire resistance (worn)
Jewellery
 a - a +6 ring of strength (left hand)
 i - a +6 ring of strength (right hand)
 s - a ring of protection from fire
 v - a ring of protection from fire
 x - an amulet of reflection (around neck)
 I - a ring of protection from cold
 J - a ring of ice
 K - a ring of resist corrosion
 L - a ring of see invisible
Scrolls
 c - a scroll of brand weapon
 k - 6 scrolls of teleportation
 n - 11 scrolls of identify
 B - 2 scrolls of enchant weapon
Potions
 b - 4 potions of resistance
 d - 6 potions of might
 e - a potion of magic
 f - 4 potions of haste
 g - 5 potions of lignification
 j - 5 potions of attraction
 l - 13 potions of heal wounds
 m - 4 potions of curing
 o - 4 potions of mutation
 q - 4 potions of cancellation

Dungeon Overview and Level Annotations

Branches:
Dungeon (15/15)            Temple (0/1) D:6            Lair (5/5) D:8
 Shoals (3/4) Lair:2       Spider (0/4) Lair:2        Slime (0/5) Lair:4
    Orc (2/2) D:12            Elf (0/3) Orc:2        Vaults (0/5) D:14
 Depths (0/4) D:15

Altars:
Cheibriados
Gozag
Kikubaaqudgha
Nemelex Xobeh
Okawaru
Ru
Vehumet
Yredelemnul
Jiyva

Shops:
D:4 [   D:5 *   D:6 [:[*[   D:7 *(   D:8 =   D:10 [   D:11 *   Orc:2 *([=

Portals:
Trove: D:15 (give 7 scrolls of fear)

Annotations:
D:2 1 runed translucent door, Crazy Yiuf
D:12 2 runed translucent doors
Lair:2 1 runed translucent door, Reubyar's ghost, journeyman MiBe
Shoals:3 3 runed translucent doors, Louise


Message History

You block the orange demon's attack. The cacodemon gestures at you.
The bolt of energy hits you but does no damage.
The wretched star pulses with an eldritch light!
You feel a little pissed off.
You feel extremely angry at everything!
You feel weirdly uncertain.
You feel even more weirdly uncertain.
A red film seems to cover your vision as you go berserk!
You feel yourself moving faster!
You feel mighty!
You slice the cacodemon!!
You kill the cacodemon!
Okawaru accepts your kill.
You slash the wretched star!
You hear a shout!
The deep elf sorcerer gestures at you while chanting.
The bolt of acid hits you!!
You feel threatened and lose the ability to drink potions!
The acid corrodes you! You block the orange demon's attack.
The wretched star glows turbulently.
The lance of force hits you!
You are knocked back by the lance of force.
A starcursed mass and a neqoxec come into view.
The starcursed mass shrieks in your mind.
You slash the deep elf sorcerer!
The deep elf sorcerer is lightly wounded.
The wretched star pulses with an eldritch light!
Your system partially rejects the healing effects of potions.
Your system completely rejects the healing effects of potions.
The starcursed mass shrieks in your mind.
You slash the deep elf sorcerer!
The deep elf sorcerer is moderately wounded.
The deep elf sorcerer gestures wildly while chanting.
The deep elf sorcerer seems to speed up.
A starcursed mass splits.
You hit the deep elf sorcerer.
The deep elf sorcerer is moderately wounded.
You slice the neqoxec!!
The deep elf sorcerer casts a spell at you.
The bolt of acid hits you!
The wretched star glows turbulently.
The lance of force hits you!!
You die...

# .. .% #.# .
......~%~.~.. ##
# #.
....~~~.....# ..
..~~.~~~##X# .#
.. .\~ #
.~~~~#~.X#. #..
.
~~~~~~~~~....##.
~~~ ~
~~~%....#...##
~..#~
~~~....#.#3#.#
.~~
~~~~~....*..@.#
# .
~~......4.e#.#
.#
.~~....#....#...
#.~
.#........##...#
#.
#~...###..##..#
# ## ...
#..#..#.# . ...
.#...... .......
.##.#.#.. ....
## ..


You could see 2 starcursed masses, a wretched star, a deep elf sorcerer (fast),
an orange demon and a neqoxec.

Vanquished Creatures
  Jorgrun (D:14)
  2 tentacled starspawn (Abyss:3)
  A cacodemon (Abyss:3)
  2 orc warlords (Orc:2)
  2 very ugly things (Abyss:3)
  Azrael (D:14)
  Snorg (D:11)
  A blizzard demon (Abyss:3)
  A fire dragon (D:15)
  9 hydras
  4 vault guards (D:14)
  An ice dragon (D:15)
  A rakshasa (D:15)
  A merfolk avatar (Shoals:2)
  6 boulder beetles
  An alligator snapping turtle (Shoals:1)
  3 catoblepae
  7 two-headed ogres
  5 centaur warriors
  2 tengu warriors (D:13)
  4 merfolk aquamancers (Shoals:2)
  3 thrashing horrors (Abyss:3)
  11 death yaks
  4 orc high priests (Orc:2)
  Sonja (D:13)
  A deep elf knight (D:14)
  2 sea snakes (Shoals:2)
  8 skeletal warriors (D:15)
  2 wizards (D:14)
  A lindwurm (Lair:5)
  3 deep elf pyromancers
  A swamp dragon (shapeshifter) (D:12)
  7 harpies
  An oklob plant (Lair:3)
  8 orc knights
  4 orc sorcerers
  7 manticores
  15 ugly things
  2 worldbinders (Abyss:3)
  9 cyclopes
  A stone giant zombie (Abyss:3)
  Maurice (D:8)
  12 elephants
  3 merfolk sirens
  An apocalypse crab (Abyss:3)
  5 black mambas
  6 water nymphs
  5 gargoyles
  11 cane toads
  8 rime drakes
  An efreet (D:13)
  An unseen horror (D:12)
  A yaktaur (D:15)
  11 komodo dragons
  An ancient zyme (Abyss:3)
  2 freezing wraiths
  4 tengu conjurers
  18 slime creatures
  9 trolls
  10 merfolk
  5 hornets
  A troll (shapeshifter) (Lair:2)
  6 polar bears
  Prince Ribbit (D:5)
  6 wind drakes
  3 raiju (Abyss:3)
  A raiju (shapeshifter) (D:15)
  4 snapping turtles
  14 blink frogs
  24 dream sheep
  A shadow (D:12)
  A ynoxinul (Abyss:3)
  62 yaks
  2 fire elementals (D:14)
  Sigmund (D:2)
  12 wyverns
  13 spriggans (Lair:5)
  2 vampires
  3 wraiths
  2 water elementals
  10 basilisks
  3 chaos spawn (Abyss:3)
  5 large abominations (Abyss:3)
  5 small abominations (Abyss:3)
  A neqoxec (Abyss:3)
  A steam dragon (D:7)
  13 vampire mosquitoes
  Menkaure (D:5)
  7 wargs
  Duvessa (D:6)
  4 acid dragons
  11 water moccasins
  A floating eye (shapeshifter) (D:14)
  4 hell hounds (D:14)
  43 orc warriors
  An ice beast (D:7)
  5 black bears
  A sky beast (D:7)
  A black bear (shapeshifter) (D:15)
  3 starcursed masses (Abyss:3)
  4 boggarts (Lair:5)
  An ogre (shapeshifter) (D:15)
  9 ogres
  25 wolves
  11 centaurs
  5 kobold brigands
  A gnoll sergeant (D:10)
  9 bullfrogs
  A scorpion (shapeshifter) (D:14)
  4 scorpions
  5 wights
  Dowan (D:6)
  13 killer bees
  6 howler monkeys
  2 quasits (D:7)
  5 jellies
  39 orc priests
  An iron imp (Abyss:3)
  Jessica (D:2)
  5 iguanas
  18 orc wizards
  14 hell rats
  5 adders
  11 gnolls
  5 shadow imps
  A white imp (D:7)
  7 ufetubi
  2 worms
  3 dart slugs
  107 orcs
  8 endoplasms
  2 giant cockroaches (D:2)
  5 goblins
  11 hobgoblins
  4 jackals
  27 kobolds
  5 quokkas
  9 ball pythons
  6 bats
  A frilled lizard (D:3)
  3 rats
  5 starspawn tentacles (Abyss:3)
949 creatures vanquished.

Vanquished Creatures (others)
  A wyvern (Lair:4)
  An orc wizard (D:5)
  An orc zombie (D:5)
  An orc (D:15)
  4 demonic plants (D:7)
  26 fungi
  37 plants
  4 starspawn tentacles (Abyss:3)
  2 withered plants (Lair:2)
77 creatures vanquished.

Grand Total: 1026 creatures vanquished

Notes
Turn   | Place    | Note
-------+----------+-------------------------------------------
     0 | D:1      | qw the Gargoyle Fighter began the quest for the Orb.
     0 | D:1      | Reached XP level 1. HP: 14/14 MP: 1/1
     0 | D:1      | 0 ||| qw: Version: 0.2-a-12-gaebbb33
     0 | D:1      | 0 ||| qw: Game counter: 1229
     0 | D:1      | 0 ||| qw: Always use a shield: true
     0 | D:1      | 0 ||| qw: God list: Okawaru
     0 | D:1      | 0 ||| qw: Allow faded altars: false
     0 | D:1      | 0 ||| qw: Do Orc after D:15 true
     0 | D:1      | 0 ||| qw: Do second Lair branch before Depths: true
     0 | D:1      | 0 ||| qw: Lair rune preference: random
     0 | D:1      | 0 ||| qw: Plans: Normal, Zot:1-4, God:TSO, Crypt, Tomb,
                  | Pan, Slime:5, Hells, Abyss, Orb
     0 | D:1      | 0 ||| PLANNING D:1-11
   164 | D:1      | 164 ||| Stepping ~*~*~tactically~*~*~ (stealth).
   172 | D:1      | Reached XP level 2. HP: 19/19 MP: 2/2
   481 | D:1      | Reached skill level 3 in Axes
   678 | D:1      | Reached XP level 3. HP: 23/23 MP: 3/3
   819 | D:1      | 819 ||| UPGRADING to +0 chain mail.
   829 | D:1      | 829 ||| DROPPING +0 scale mail.
   830 | D:1      | 830 ||| DROPPING +0 ring mail of willpower.
   831 | D:1      | 831 ||| READING scroll labelled FECIJIMUEH.
   832 | D:1      | 832 ||| DRINKING 2 bubbling clear potions.
   933 | D:2      | 933 ||| Stepping ~*~*~tactically~*~*~ (stealth).
   942 | D:2      | 942 ||| Stepping ~*~*~tactically~*~*~ (stealth).
  1138 | D:2      | 1138 ||| Stepping ~*~*~tactically~*~*~ (stealth).
  1316 | D:2      | Noticed Sigmund
  1338 | D:2      | Killed Sigmund
  1339 | D:2      | Reached XP level 4. HP: 21/28 MP: 4/4
  1339 | D:2      | Reached XP level 5. HP: 25/32 MP: 5/5
  1430 | D:2      | Noticed Jessica
  1436 | D:2      | Killed Jessica
  1437 | D:2      | Reached XP level 6. HP: 24/38 MP: 6/6
  1703 | D:2      | Found a runed translucent door.
  1704 | D:2      | Noticed Crazy Yiuf
  1966 | D:2      | 1966 ||| READING 2 scrolls labelled FOIPUBBUZENK.
  1967 | D:2      | 1967 ||| READING scroll labelled AVIOLE OWICVO.
  2031 | D:2      | 2031 ||| READING scroll labelled MIB OCVUYVEFE.
  2132 | D:2      | 2132 ||| READING scroll labelled DIPNAT ZINA.
  2133 | D:2      | 2133 ||| READING scroll labelled MUGREGGITE.
  2134 | D:2      | 2134 ||| DRINKING 2 fuming grey potions.
  2135 | D:2      | 2135 ||| DRINKING 2 fizzy inky potions.
  2136 | D:2      | 2136 ||| DRINKING 3 lumpy green potions.
  2137 | D:2      | 2137 ||| DROPPING scroll of vulnerability.
  2138 | D:2      | 2138 ||| DROPPING potion of brilliance.
  2165 | D:3      | 2165 ||| STAIRDANCE
  2218 | D:3      | 2218 ||| STAIRDANCE
  2273 | D:3      | 2273 ||| STAIRDANCE
  2605 | D:3      | 2605 ||| DROPPING +0 club.
  2608 | D:3      | 2608 ||| DROPPING +0 whip.
  2872 | D:3      | 2872 ||| READING scroll labelled HIZULI AVVA.
  2873 | D:3      | 2873 ||| READING scroll labelled YROANI USTEDO.
  2874 | D:3      | 2874 ||| READING scroll labelled APTEUD XOOCH.
  2919 | D:4      | Found Jumeehos's Armour Emporium.
  2968 | D:4      | 2968 ||| Stepping ~*~*~tactically~*~*~ (stealth).
  2971 | D:4      | 2971 ||| Stepping ~*~*~tactically~*~*~ (stealth).
  3553 | D:4      | Reached skill level 1 in Throwing
  3709 | D:4      | 3709 ||| READING scroll labelled NIEBRO WAMIOH.
  3733 | D:5      | Entered Level 5 of the Dungeon
  3769 | D:5      | 3769 ||| Stepping ~*~*~tactically~*~*~ (stealth).
  3789 | D:5      | Reached skill level 6 in Axes
  3825 | D:5      | Noticed Prince Ribbit
  3826 | D:5      | Reached XP level 7. HP: 43/43 MP: 7/7
  3834 | D:5      | Reached skill level 1 in Dodging
  3838 | D:5      | 3838 ||| DRINKING potion of curing.
  3838 | D:5      | 3838 ||| (to cure confusion)
  3859 | D:5      | HP: 6/43 [orc priest/nerve-wracking pain (7)]
  3860 | D:5      | 3860 ||| READING 3 scrolls of teleportation.
  3861 | D:5      | 3861 ||| DRINKING 3 potions of heal wounds.
  3966 | D:5      | Killed Prince Ribbit
  4176 | D:5      | 4176 ||| Stepping ~*~*~tactically~*~*~ (hiding).
  4184 | D:5      | Reached XP level 8. HP: 34/48 MP: 8/8
  4359 | D:5      | 4359 ||| Stepping ~*~*~tactically~*~*~ (stealth).
  4526 | D:5      | Noticed Menkaure
  4527 | D:5      | 4527 ||| Stepping ~*~*~tactically~*~*~ (hiding).
  4534 | D:5      | Killed Menkaure
  4679 | D:5      | 4679 ||| DROPPING +0 flail.
  4785 | D:5      | HP: 12/49 [iguana (15)]
  4785 | D:5      | HP: 4/49 [iguana (8)]
  4786 | D:5      | 4786 ||| READING 2 scrolls of teleportation.
  4787 | D:5      | 4787 ||| DRINKING 2 potions of heal wounds.
  5297 | D:5      | Found Foag's Assorted Antiques.
  5306 | D:5      | 5306 ||| BUYING blackened granite ring (105 gold).
  5306 | D:5      | Bought a blackened granite ring for 105 gold pieces
  5306 | D:5      | 5306 ||| BUYING bubbling amethyst potion (18 gold).
  5306 | D:5      | Bought a bubbling amethyst potion for 18 gold pieces
  5306 | D:5      | 5306 ||| SHOPLISTING potion of heal wounds (105 gold, have
                  | 66).
  5306 | D:5      | 5306 ||| BUYING scroll labelled MELO HUPPIAS (21 gold).
  5306 | D:5      | Bought a scroll labelled MELO HUPPIAS for 21 gold pieces
  5764 | D:5      | 5764 ||| Stepping ~*~*~tactically~*~*~ (hiding).
  5765 | D:5      | 5765 ||| Stepping ~*~*~tactically~*~*~ (hiding).
  5896 | D:5      | 5896 ||| UPGRADING to +1 pair of boots.
  5901 | D:5      | 5901 ||| UPGRADING to +6 ring of strength.
  5902 | D:5      | 5902 ||| UPGRADING to ring of protection from fire.
  5903 | D:5      | 5903 ||| READING scroll labelled MIAHOI KUQESCH.
  5904 | D:5      | 5904 ||| READING scroll labelled MELO HUPPIAS.
  5905 | D:5      | 5905 ||| DRINKING 3 bubbling amethyst potions.
  5921 | D:5      | 5921 ||| READING 4 scrolls of identify.
  5921 | D:5      | 5921 ||| IDENTIFYING orange potion
  5922 | D:5      | 5922 ||| READING 3 scrolls of identify.
  5922 | D:5      | 5922 ||| IDENTIFYING fuming green potion
  5923 | D:5      | 5923 ||| READING 2 scrolls of identify.
  5923 | D:5      | 5923 ||| IDENTIFYING black potion
  5924 | D:5      | 5924 ||| DROPPING potion of ambrosia.
  5925 | D:5      | 5925 ||| DROPPING potion of flight.
  5945 | D:6      | Found Otseq's Antique Armour Shoppe.
  6042 | D:6      | 6042 ||| SHOPLISTING runed plate armour (650 gold, have
                  | 47).
  6042 | D:6      | 6042 ||| SHOPLISTING shiny plate armour (650 gold, have
                  | 47).
  6068 | D:6      | Found an iron altar of Okawaru.
  6069 | D:6      | 6069 ||| PLANNING OKAWARU WORSHIP
  6073 | D:6      | Became a worshipper of Warmaster Okawaru
  6074 | D:6      | 6074 ||| PLANNING D:1-11
  6095 | D:6      | 6095 ||| Stepping ~*~*~tactically~*~*~ (stealth).
  6118 | D:6      | 6118 ||| READING scroll of enchant weapon.
  6118 | D:6      | 6118 ||| ENCHANTING +1 war axe of chaos.
  6134 | D:6      | Found Reilof's Antique Armour Emporium.
  6142 | D:6      | 6142 ||| SHOPLISTING +0 pair of fencer's gloves {Riposte
                  | Dex+3} (1000 gold, have 47).
  6142 | D:6      | 6142 ||| SHOPLISTING glowing scarf (200 gold, have 47).
  6142 | D:6      | 6142 ||| SHOPLISTING runed acid dragon scales (1075 gold,
                  | have 47).
  6142 | D:6      | 6142 ||| SHOPLISTING shiny scale mail (175 gold, have 47).
  6287 | D:6      | Noticed Duvessa
  6287 | D:6      | Noticed Dowan
  6288 | D:6      | 6288 ||| Stepping ~*~*~tactically~*~*~ (hiding).
  6296 | D:6      | Killed Dowan
  6302 | D:6      | Killed Duvessa
  6303 | D:6      | Reached skill level 6 in Fighting
  6326 | D:6      | Found Utiemah's General Store.
  6354 | D:6      | 6354 ||| SHOPLISTING +1 pair of gloves of dexterity (214
                  | gold, have 68).
  6354 | D:6      | 6354 ||| SHOPLISTING potion of mutation (104 gold, have
                  | 68).
  6354 | D:6      | 6354 ||| SHOPLISTING scroll of enchant armour (97 gold,
                  | have 68).
  6354 | D:6      | 6354 ||| BUYING scroll of identify (26 gold).
  6354 | D:6      | Bought a scroll of identify for 26 gold pieces
  6354 | D:6      | 6354 ||| BUYING scroll of identify (26 gold).
  6354 | D:6      | Bought a scroll of identify for 26 gold pieces
  6602 | D:6      | Found Igaanin's Book Shoppe.
  6607 | D:6      | Reached * piety under Okawaru
  6608 | D:6      | Reached XP level 9. HP: 55/56 MP: 9/9
  6608 | D:6      | 6608 ||| INVOKING Heroism.
  6618 | D:6      | Reached skill level 1 in Invocations
  6620 | D:6      | 6620 ||| INVOKING Heroism.
  6676 | D:6      | 6676 ||| Stepping ~*~*~tactically~*~*~ (stealth).
  6689 | D:6      | Found a staircase to the Ecumenical Temple.
  6845 | D:6      | Found a basalt altar of Yredelemnul.
  6845 | D:6      | Found a radiant altar of Vehumet.
  6867 | D:6      | 6867 ||| Stepping ~*~*~tactically~*~*~ (hiding).
  6942 | D:6      | Found Meobb's Armour Shoppe.
  6945 | D:6      | 6945 ||| BUYING +0 cloak (49 gold).
  6945 | D:6      | Bought a +0 cloak for 49 gold pieces
  7014 | D:6      | Reached skill level 9 in Axes
  7021 | D:6      | 7021 ||| UPGRADING to +0 plate armour.
  7031 | D:6      | 7031 ||| DROPPING +0 chain mail.
  7032 | D:6      | 7032 ||| UPGRADING to +0 cloak.
  7037 | D:6      | 7037 ||| READING scroll labelled ROUSMENL WEJO.
  7038 | D:6      | 7038 ||| READING 4 scrolls of identify.
  7038 | D:6      | 7038 ||| IDENTIFYING fuming cyan potion
  7039 | D:6      | 7039 ||| READING 3 scrolls of identify.
  7039 | D:6      | 7039 ||| IDENTIFYING red potion
  7186 | D:7      | Found a sacrificial altar of Ru.
  7192 | D:7      | 7192 ||| Stepping ~*~*~tactically~*~*~ (stealth).
  7305 | D:7      | 7305 ||| Stepping ~*~*~tactically~*~*~ (hiding).
  7306 | D:7      | 7306 ||| INVOKING Heroism.
  7312 | D:7      | Reached skill level 3 in Invocations
  7359 | D:7      | 7359 ||| INVOKING Heroism.
  7378 | D:7      | 7378 ||| INVOKING Heroism.
  7543 | D:7      | Found Koib's Serpentskin Sales.
  7596 | D:7      | 7596 ||| INVOKING Heroism.
  7604 | D:7      | Reached ** piety under Okawaru
  7727 | D:7      | 7727 ||| Stepping ~*~*~tactically~*~*~ (stealth).
  7775 | D:7      | Found Vutut's Antique Weapon Emporium.
  7814 | D:7      | 7814 ||| INVOKING Heroism.
  7822 | D:7      | Reached skill level 6 in Armour
  8111 | D:7      | 8111 ||| DROPPING +6 ring of dexterity.
  8112 | D:7      | 8112 ||| UPGRADING to +6 ring of strength.
  8114 | D:7      | 8114 ||| READING 3 scrolls of identify.
  8114 | D:7      | 8114 ||| IDENTIFYING clear potion
  8167 | D:8      | Noticed a troll
  8168 | D:8      | 8168 ||| INVOKING Heroism.
  8177 | D:8      | Killed a troll
  8178 | D:8      | Reached XP level 10. HP: 63/63 MP: 11/13
  8196 | D:8      | 8196 ||| DROPPING +1 vorpal flail.
  8262 | D:8      | 8262 ||| INVOKING Heroism.
  8289 | D:8      | 8289 ||| INVOKING Heroism.
  8310 | D:8      | 8310 ||| Stepping ~*~*~tactically~*~*~ (hiding).
  8314 | D:8      | 8314 ||| Stepping ~*~*~tactically~*~*~ (hiding).
  8317 | D:8      | 8317 ||| INVOKING Heroism.
  8483 | D:8      | Noticed Maurice
  8484 | D:8      | 8484 ||| Stepping ~*~*~tactically~*~*~ (hiding).
  8485 | D:8      | 8485 ||| Stepping ~*~*~tactically~*~*~ (hiding).
  8497 | D:8      | 8497 ||| Stepping ~*~*~tactically~*~*~ (hiding).
  8527 | D:8      | Killed Maurice
  8527 | D:8      | Reached *** piety under Okawaru
  8684 | D:8      | Noticed a two-headed ogre
  8685 | D:8      | 8685 ||| INVOKING Heroism.
  8695 | D:8      | Noticed a cyclops
  8696 | D:8      | 8696 ||| Stepping ~*~*~tactically~*~*~ (stealth).
  8696 | D:8      | Killed a two-headed ogre
  8699 | D:8      | 8699 ||| FLEEEEING.
  8706 | D:8      | 8706 ||| Stepping ~*~*~tactically~*~*~ (hiding).
  8715 | D:8      | 8715 ||| FLEEEEING.
  8720 | D:8      | 8720 ||| STAIRDANCE
  8871 | D:7      | 8871 ||| UPGRADING to +0 plate armour of cold resistance.
  8881 | D:7      | 8881 ||| DROPPING +0 plate armour.
  8882 | D:7      | 8882 ||| READING scroll labelled PASEIW NYOCIMOSKI.
  8903 | D:8      | 8903 ||| INVOKING Heroism.
  8904 | D:8      | Found a snail-covered altar of Cheibriados.
  8965 | D:8      | Found Hajebaud's One-of-a-Kind Rings.
  8974 | D:8      | 8974 ||| SHOPLISTING +10 ring of strength (1001 gold, have
                  | 131).
  8974 | D:8      | 8974 ||| SHOPLISTING +6 ring of evasion (858 gold, have
                  | 131).
  8974 | D:8      | 8974 ||| SHOPLISTING ring "Mugunan" {rN+ rCorr Dex+2
                  | Stlth+} (435 gold, have 131).
  8974 | D:8      | 8974 ||| SHOPLISTING ring of Gavos {rCorr MP+9 EV+1 Dex-2}
                  | (333 gold, have 131).
  9151 | D:8      | Found a staircase to the Lair.
  9178 | D:8      | 9178 ||| READING scroll of enchant weapon.
  9178 | D:8      | 9178 ||| ENCHANTING +2 war axe of chaos.
  9256 | D:8      | 9256 ||| Stepping ~*~*~tactically~*~*~ (stealth).
  9257 | D:8      | 9257 ||| Stepping ~*~*~tactically~*~*~ (stealth).
  9259 | D:8      | 9259 ||| INVOKING Heroism.
  9264 | D:8      | Killed a cyclops
  9264 | D:8      | Reached **** piety under Okawaru
  9304 | D:8      | 9304 ||| PLANNING LAIR
  9304 | D:8      | 9304 ||| UPGRADING to +0 kite shield of reflection.
  9314 | D:8      | 9314 ||| DROPPING +0 buckler.
  9350 | Lair:1   | Entered Level 1 of the Lair of Beasts
  9364 | Lair:1   | Noticed a cane toad
  9365 | Lair:1   | 9365 ||| INVOKING Heroism.
  9374 | Lair:1   | Killed a cane toad
  9375 | Lair:1   | Reached skill level 6 in Shields
  9533 | Lair:1   | Noticed a cane toad
  9534 | Lair:1   | 9534 ||| INVOKING Heroism.
  9539 | Lair:1   | Killed a cane toad
  9641 | Lair:1   | 9641 ||| Stepping ~*~*~tactically~*~*~ (stealth).
  9641 | Lair:1   | Noticed an elephant
  9642 | Lair:1   | 9642 ||| Stepping ~*~*~tactically~*~*~ (stealth).
  9644 | Lair:1   | 9644 ||| INVOKING Heroism.
  9646 | Lair:1   | Noticed an elephant
  9650 | Lair:1   | Killed an elephant
  9650 | Lair:1   | Noticed an elephant
  9651 | Lair:1   | Reached XP level 11. HP: 53/69 MP: 11/15
  9656 | Lair:1   | Reached skill level 6 in Invocations
  9678 | Lair:1   | Reached ***** piety under Okawaru
  9755 | Lair:1   | Noticed a boulder beetle
  9756 | Lair:1   | 9756 ||| INVOKING Heroism.
  9757 | Lair:1   | 9757 ||| INVOKING Finesse.
  9772 | Lair:1   | Killed a boulder beetle
  9772 | Lair:1   | Received a gift from Okawaru
  9988 | Lair:1   | 9988 ||| Stepping ~*~*~tactically~*~*~ (stealth).
  9991 | Lair:1   | 9991 ||| Stepping ~*~*~tactically~*~*~ (stealth).
 10244 | Lair:1   | 10244 ||| INVOKING Heroism.
 10248 | Lair:1   | Noticed a boulder beetle
 10266 | Lair:1   | Killed a boulder beetle
 10267 | Lair:1   | Reached skill level 9 in Shields
 10547 | Lair:1   | 10547 ||| READING 5 scrolls of identify.
 10547 | Lair:1   | 10547 ||| IDENTIFYING fizzy puce potion
 10548 | Lair:1   | 10548 ||| DROPPING potion of berserk rage.
 10569 | Lair:2   | 10569 ||| INVOKING Heroism.
 10699 | Lair:2   | Found a hole to the Spider Nest.
 10702 | Lair:2   | 10702 ||| INVOKING Heroism.
 10718 | Lair:2   | Found a staircase to the Shoals.
 10752 | Lair:2   | 10752 ||| INVOKING Heroism.
 10760 | Lair:2   | Reached skill level 9 in Invocations
 10853 | Lair:2   | 10853 ||| Stepping ~*~*~tactically~*~*~ (stealth).
 10855 | Lair:2   | 10855 ||| INVOKING Heroism.
 10860 | Lair:2   | Identified the +5 hand crossbow "Siuf" {penet, rPois rF+
                  | Dex-3} (Okawaru gifted it to you on level 2 of the Lair of
                  | Beasts)
 10860 | Lair:2   | Received a gift from Okawaru
 10872 | Lair:2   | Reached XP level 12. HP: 64/75 MP: 17/19
 10977 | Lair:2   | 10977 ||| INVOKING Heroism.
 11055 | Lair:2   | 11055 ||| INVOKING Heroism.
 11219 | Lair:2   | 11219 ||| Stepping ~*~*~tactically~*~*~ (stealth).
 11222 | Lair:2   | 11222 ||| Stepping ~*~*~tactically~*~*~ (stealth).
 11223 | Lair:2   | 11223 ||| INVOKING Heroism.
 11277 | Lair:2   | Found a runed translucent door.
 11277 | Lair:2   | Noticed Reubyar's ghost (journeyman MiBe)
 11418 | Lair:2   | 11418 ||| Stepping ~*~*~tactically~*~*~ (hiding).
 11439 | Lair:2   | 11439 ||| INVOKING Heroism.
 11462 | Lair:2   | Reached skill level 9 in Fighting
 11745 | Lair:2   | 11745 ||| UPGRADING to +2 helmet.
 11750 | Lair:2   | 11750 ||| UPGRADING to +0 tower shield.
 11760 | Lair:2   | 11760 ||| DROPPING +0 kite shield of reflection.
 11761 | Lair:2   | 11761 ||| UPGRADING to amulet of the acrobat.
 11795 | Lair:3   | 11795 ||| INVOKING Heroism.
 12081 | Lair:3   | 12081 ||| INVOKING Heroism.
 12125 | Lair:3   | 12125 ||| READING scroll of enchant armour.
 12125 | Lair:3   | 12125 ||| ENCHANTING +1 pair of boots.
 12147 | Lair:3   | 12147 ||| INVOKING Heroism.
 12299 | Lair:3   | Noticed a seven-headed hydra
 12300 | Lair:3   | 12300 ||| INVOKING Heroism.
 12301 | Lair:3   | 12301 ||| INVOKING Finesse.
 12303 | Lair:3   | 12303 ||| SWAPPING to +0 eveningstar.
 12309 | Lair:3   | Killed a seven-headed hydra
 12309 | Lair:3   | Identified the +9 broad axe of Cowardice {elec, rPois Str+4
                  | Dex-5 SInv} (Okawaru gifted it to you on level 3 of the
                  | Lair of Beasts)
 12309 | Lair:3   | Received a gift from Okawaru
 12310 | Lair:3   | 12310 ||| SWAPPING to +3 war axe of chaos.
 12348 | Lair:3   | 12348 ||| SWAPPING to +9 broad axe of Cowardice {elec,
                  | rPois Str+4 Dex-5 SInv}.
 12349 | Lair:3   | 12349 ||| DROPPING +3 war axe of chaos.
 12375 | Lair:3   | 12375 ||| INVOKING Heroism.
 12376 | Lair:3   | 12376 ||| Stepping ~*~*~tactically~*~*~ (stealth).
 12377 | Lair:3   | 12377 ||| Stepping ~*~*~tactically~*~*~ (stealth).
 12540 | Lair:3   | Noticed a six-headed hydra
 12541 | Lair:3   | 12541 ||| INVOKING Heroism.
 12542 | Lair:3   | 12542 ||| INVOKING Finesse.
 12546 | Lair:3   | 12546 ||| SWAPPING to +0 eveningstar.
 12549 | Lair:3   | 12549 ||| Stepping ~*~*~tactically~*~*~ (outnumbered).
 12550 | Lair:3   | 12550 ||| Stepping ~*~*~tactically~*~*~ (outnumbered).
 12551 | Lair:3   | 12551 ||| Stepping ~*~*~tactically~*~*~ (outnumbered).
 12552 | Lair:3   | 12552 ||| Stepping ~*~*~tactically~*~*~ (outnumbered).
 12553 | Lair:3   | 12553 ||| Stepping ~*~*~tactically~*~*~ (outnumbered).
 12554 | Lair:3   | 12554 ||| Stepping ~*~*~tactically~*~*~ (outnumbered).
 12559 | Lair:3   | 12559 ||| Stepping ~*~*~tactically~*~*~ (outnumbered).
 12561 | Lair:3   | Reached skill level 12 in Shields
 12564 | Lair:3   | 12564 ||| Stepping ~*~*~tactically~*~*~ (outnumbered).
 12565 | Lair:3   | 12565 ||| Stepping ~*~*~tactically~*~*~ (outnumbered).
 12566 | Lair:3   | 12566 ||| Stepping ~*~*~tactically~*~*~ (outnumbered).
 12567 | Lair:3   | 12567 ||| Stepping ~*~*~tactically~*~*~ (outnumbered).
 12568 | Lair:3   | 12568 ||| Stepping ~*~*~tactically~*~*~ (outnumbered).
 12570 | Lair:3   | Killed a six-headed hydra
 12571 | Lair:3   | 12571 ||| SWAPPING to +9 broad axe of Cowardice {elec,
                  | rPois Str+4 Dex-5 SInv}.
 12600 | Lair:3   | 12600 ||| INVOKING Heroism.
 12744 | Lair:3   | 12744 ||| INVOKING Heroism.
 12745 | Lair:3   | 12745 ||| INVOKING Finesse.
 12752 | Lair:3   | 12752 ||| Stepping ~*~*~tactically~*~*~ (stealth).
 12753 | Lair:3   | 12753 ||| Stepping ~*~*~tactically~*~*~ (stealth).
 12754 | Lair:3   | 12754 ||| Stepping ~*~*~tactically~*~*~ (stealth).
 12755 | Lair:3   | 12755 ||| Stepping ~*~*~tactically~*~*~ (stealth).
 12769 | Lair:3   | Reached XP level 13. HP: 72/80 MP: 14/20
 12795 | Lair:3   | 12795 ||| INVOKING Heroism.
 12836 | Lair:3   | 12836 ||| Stepping ~*~*~tactically~*~*~ (stealth).
 12838 | Lair:3   | 12838 ||| Stepping ~*~*~tactically~*~*~ (stealth).
 12840 | Lair:3   | 12840 ||| Stepping ~*~*~tactically~*~*~ (stealth).
 12844 | Lair:3   | 12844 ||| Stepping ~*~*~tactically~*~*~ (stealth).
 12845 | Lair:3   | 12845 ||| Stepping ~*~*~tactically~*~*~ (stealth).
 12846 | Lair:3   | 12846 ||| INVOKING Heroism.
 12873 | Lair:3   | 12873 ||| Stepping ~*~*~tactically~*~*~ (stealth).
 12976 | Lair:3   | 12976 ||| Stepping ~*~*~tactically~*~*~ (stealth).
 13193 | Lair:4   | Found a staircase to the Slime Pits.
 13193 | Lair:4   | Found a viscous altar of Jiyva.
 13224 | Lair:4   | 13224 ||| INVOKING Heroism.
 13247 | Lair:4   | Identified the +13 chain mail of Giotut {Harm rC+} (Okawaru
                  | gifted it to you on level 4 of the Lair of Beasts)
 13247 | Lair:4   | Received a gift from Okawaru
 13252 | Lair:4   | 13252 ||| Stepping ~*~*~tactically~*~*~ (hiding).
 13253 | Lair:4   | 13253 ||| Stepping ~*~*~tactically~*~*~ (hiding).
 13258 | Lair:4   | 13258 ||| INVOKING Heroism.
 13261 | Lair:4   | 13261 ||| Stepping ~*~*~tactically~*~*~ (hiding).
 13262 | Lair:4   | 13262 ||| Stepping ~*~*~tactically~*~*~ (hiding).
 13263 | Lair:4   | 13263 ||| Stepping ~*~*~tactically~*~*~ (hiding).
 13309 | Lair:4   | 13309 ||| Stepping ~*~*~tactically~*~*~ (stealth).
 13328 | Lair:4   | 13328 ||| Stepping ~*~*~tactically~*~*~ (stealth).
 13333 | Lair:4   | 13333 ||| INVOKING Heroism.
 13334 | Lair:4   | 13334 ||| INVOKING Finesse.
 13335 | Lair:4   | 13335 ||| SWAPPING to +0 eveningstar.
 13340 | Lair:4   | 13340 ||| SWAPPING to +9 broad axe of Cowardice {elec,
                  | rPois Str+4 Dex-5 SInv}.
 13357 | Lair:4   | 13357 ||| Stepping ~*~*~tactically~*~*~ (stealth).
 13363 | Lair:4   | 13363 ||| Stepping ~*~*~tactically~*~*~ (stealth).
 13364 | Lair:4   | 13364 ||| Stepping ~*~*~tactically~*~*~ (hiding).
 13372 | Lair:4   | 13372 ||| Stepping ~*~*~tactically~*~*~ (hiding).
 13373 | Lair:4   | 13373 ||| Stepping ~*~*~tactically~*~*~ (hiding).
 13383 | Lair:4   | 13383 ||| Stepping ~*~*~tactically~*~*~ (stealth).
 13389 | Lair:4   | Reached skill level 12 in Axes
 13392 | Lair:4   | 13392 ||| INVOKING Heroism.
 13409 | Lair:4   | 13409 ||| Stepping ~*~*~tactically~*~*~ (stealth).
 13410 | Lair:4   | 13410 ||| Stepping ~*~*~tactically~*~*~ (stealth).
 13412 | Lair:4   | 13412 ||| Stepping ~*~*~tactically~*~*~ (stealth).
 13485 | Lair:4   | 13485 ||| INVOKING Heroism.
 13502 | Lair:4   | 13502 ||| INVOKING Finesse.
 13503 | Lair:4   | 13503 ||| Stepping ~*~*~tactically~*~*~ (stealth).
 13512 | Lair:4   | 13512 ||| Stepping ~*~*~tactically~*~*~ (stealth).
 13531 | Lair:4   | 13531 ||| INVOKING Heroism.
 13536 | Lair:4   | Reached skill level 9 in Armour
 13596 | Lair:4   | 13596 ||| Stepping ~*~*~tactically~*~*~ (stealth).
 13636 | Lair:4   | 13636 ||| Stepping ~*~*~tactically~*~*~ (stealth).
 13695 | Lair:4   | 13695 ||| Stepping ~*~*~tactically~*~*~ (hiding).
 13697 | Lair:4   | 13697 ||| Stepping ~*~*~tactically~*~*~ (hiding).
 13790 | Lair:4   | You fall into a shaft and drop 1 floor!
 13790 | Lair:5   | Entered Level 5 of the Lair of Beasts
 13791 | Lair:5   | 13791 ||| INVOKING Heroism.
 13819 | Lair:5   | 13819 ||| Stepping ~*~*~tactically~*~*~ (stealth).
 13820 | Lair:5   | 13820 ||| Stepping ~*~*~tactically~*~*~ (stealth).
 13830 | Lair:5   | 13830 ||| INVOKING Heroism.
 13908 | Lair:4   | 13908 ||| INVOKING Heroism.
 13913 | Lair:4   | Gained mutation: Your large and strong wings let you fly.
                  | [Gargoyle growth]
 13913 | Lair:4   | Reached XP level 14. HP: 81/88 MP: 18/21
 13955 | Lair:4   | 13955 ||| Stepping ~*~*~tactically~*~*~ (hiding).
 13958 | Lair:4   | 13958 ||| INVOKING Heroism.
 13960 | Lair:4   | 13960 ||| INVOKING Finesse.
 14057 | Lair:4   | Identified the +6 hand axe of Doom {flame, rElec rF+ Str-2
                  | Int+4 Dex+3}
 14059 | Lair:4   | 14059 ||| DROPPING +0 eveningstar.
 14349 | Lair:4   | 14349 ||| Stepping ~*~*~tactically~*~*~ (cloud).
 14453 | Lair:4   | 14453 ||| READING 4 scrolls of identify.
 14453 | Lair:4   | 14453 ||| IDENTIFYING green potion
 14488 | Lair:5   | 14488 ||| Stepping ~*~*~tactically~*~*~ (stealth).
 14489 | Lair:5   | 14489 ||| INVOKING Heroism.
 14502 | Lair:5   | Received a gift from Okawaru
 14553 | Lair:5   | 14553 ||| Stepping ~*~*~tactically~*~*~ (stealth).
 14594 | Lair:5   | 14594 ||| Stepping ~*~*~tactically~*~*~ (hiding).
 14603 | Lair:5   | 14603 ||| INVOKING Heroism.
 14650 | Lair:5   | 14650 ||| Stepping ~*~*~tactically~*~*~ (stealth).
 14654 | Lair:5   | 14654 ||| Stepping ~*~*~tactically~*~*~ (stealth).
 14655 | Lair:5   | 14655 ||| Stepping ~*~*~tactically~*~*~ (stealth).
 14659 | Lair:5   | 14659 ||| INVOKING Heroism.
 14941 | Lair:5   | 14941 ||| INVOKING Heroism.
 14942 | Lair:5   | 14942 ||| INVOKING Finesse.
 14944 | Lair:5   | 14944 ||| Stepping ~*~*~tactically~*~*~ (stealth).
 14945 | Lair:5   | 14945 ||| Stepping ~*~*~tactically~*~*~ (stealth).
 14946 | Lair:5   | 14946 ||| Stepping ~*~*~tactically~*~*~ (stealth).
 14957 | Lair:5   | 14957 ||| Stepping ~*~*~tactically~*~*~ (stealth).
 14958 | Lair:5   | 14958 ||| Stepping ~*~*~tactically~*~*~ (stealth).
 14963 | Lair:5   | 14963 ||| INVOKING Finesse.
 14967 | Lair:5   | Reached skill level 15 in Shields
 14975 | Lair:5   | 14975 ||| FLEEEEING.
 14976 | Lair:5   | 14976 ||| FLEEEEING.
 14977 | Lair:5   | 14977 ||| FLEEEEING.
 14978 | Lair:5   | 14978 ||| FLEEEEING.
 14979 | Lair:5   | 14979 ||| FLEEEEING.
 14980 | Lair:5   | 14980 ||| INVOKING Heroism.
 15039 | Lair:5   | 15039 ||| INVOKING Heroism.
 15265 | Lair:5   | 15265 ||| Stepping ~*~*~tactically~*~*~ (hiding).
 15266 | Lair:5   | 15266 ||| Stepping ~*~*~tactically~*~*~ (hiding).
 15270 | Lair:5   | 15270 ||| INVOKING Heroism.
 15271 | Lair:5   | 15271 ||| INVOKING Finesse.
 15356 | Lair:5   | 15356 ||| Stepping ~*~*~tactically~*~*~ (stealth).
 15362 | Lair:5   | 15362 ||| Stepping ~*~*~tactically~*~*~ (hiding).
 15374 | Lair:5   | 15374 ||| Stepping ~*~*~tactically~*~*~ (stealth).
 15377 | Lair:5   | 15377 ||| Stepping ~*~*~tactically~*~*~ (stealth).
 15401 | Lair:5   | 15401 ||| INVOKING Heroism.
 15536 | Lair:5   | 15536 ||| INVOKING Heroism.
 15559 | Lair:5   | 15559 ||| Stepping ~*~*~tactically~*~*~ (stealth).
 15573 | Lair:5   | 15573 ||| Stepping ~*~*~tactically~*~*~ (hiding).
 15579 | Lair:5   | 15579 ||| Stepping ~*~*~tactically~*~*~ (hiding).
 15593 | Lair:5   | 15593 ||| Stepping ~*~*~tactically~*~*~ (stealth).
 15597 | Lair:5   | 15597 ||| INVOKING Finesse.
 15598 | Lair:5   | 15598 ||| INVOKING Heroism.
 15749 | Lair:5   | 15749 ||| Stepping ~*~*~tactically~*~*~ (stealth).
 15762 | Lair:5   | Received a gift from Okawaru
 15849 | Lair:5   | 15849 ||| Stepping ~*~*~tactically~*~*~ (stealth).
 15851 | Lair:5   | 15851 ||| INVOKING Heroism.
 15852 | Lair:5   | 15852 ||| INVOKING Finesse.
 15906 | Lair:5   | 15906 ||| Stepping ~*~*~tactically~*~*~ (stealth).
 15908 | Lair:5   | 15908 ||| Stepping ~*~*~tactically~*~*~ (stealth).
 15909 | Lair:5   | 15909 ||| Stepping ~*~*~tactically~*~*~ (stealth).
 15981 | Lair:5   | Reached skill level 3 in Throwing
 16193 | Lair:5   | 16193 ||| PLANNING D:1-11
 16310 | D:9      | 16310 ||| Stepping ~*~*~tactically~*~*~ (stealth).
 16312 | D:9      | 16312 ||| STAIRDANCE
 16318 | D:9      | 16318 ||| STAIRDANCE
 16325 | D:9      | 16325 ||| STAIRDANCE
 16354 | D:9      | 16354 ||| STAIRDANCE
 16359 | D:9      | 16359 ||| STAIRDANCE
 16444 | D:9      | 16444 ||| FLEEEEING.
 16445 | D:9      | 16445 ||| FLEEEEING.
 16446 | D:9      | 16446 ||| FLEEEEING.
 16448 | D:9      | 16448 ||| Stepping ~*~*~tactically~*~*~ (hiding).
 16449 | D:9      | 16449 ||| INVOKING Heroism.
 16881 | D:9      | 16881 ||| READING scroll of enchant armour.
 16881 | D:9      | 16881 ||| ENCHANTING +0 cloak.
 17073 | D:9      | 17073 ||| DROPPING ring of fire.
 17074 | D:9      | 17074 ||| READING scroll labelled YFINIQ QIASEXU.
 17143 | D:10     | Entered Level 10 of the Dungeon
 17204 | D:10     | Found an opulent altar of Gozag.
 17328 | D:10     | Found Foiw's Armour Emporium.
 17336 | D:10     | 17336 ||| BUYING +2 plate armour of Ashenzari's Grace
                  | {rElec Str+4} (554 gold).
 17336 | D:10     | Bought the +2 plate armour of Ashenzari's Grace {rElec
                  | Str+4} for 554 gold pieces
 17416 | D:10     | Found a flagged portal.
 17684 | D:10     | 17684 ||| Stepping ~*~*~tactically~*~*~ (hiding).
 18037 | D:10     | 18037 ||| UPGRADING to +2 plate armour of Ashenzari's Grace
                  | {rElec Str+4}.
 18125 | D:11     | Found Xeydoekk's General Store.
 18131 | D:11     | 18131 ||| BUYING potion of curing (36 gold).
 18131 | D:11     | Bought a potion of curing for 36 gold pieces
 18131 | D:11     | 18131 ||| BUYING scroll of identify (24 gold).
 18131 | D:11     | Bought a scroll of identify for 24 gold pieces
 18152 | D:11     | 18152 ||| Stepping ~*~*~tactically~*~*~ (stealth).
 18155 | D:11     | Received a gift from Okawaru
 18156 | D:11     | Reached XP level 15. HP: 86/93 MP: 22/22
 18271 | D:11     | Found an ancient bone altar of Kikubaaqudgha.
 18433 | D:11     | Noticed Snorg
 18434 | D:11     | 18434 ||| INVOKING Finesse.
 18440 | D:11     | 18440 ||| INVOKING Heroism.
 18452 | D:11     | Killed Snorg
 18512 | D:11     | Received a gift from Okawaru
 18649 | D:11     | 18649 ||| READING scroll of enchant armour.
 18649 | D:11     | 18649 ||| ENCHANTING +1 cloak.
 18852 | D:11     | 18852 ||| Stepping ~*~*~tactically~*~*~ (hiding).
 19093 | D:11     | 19093 ||| PLANNING D
 19093 | D:11     | 19093 ||| UPGRADING to +2 pair of gloves of infusion.
 19098 | D:11     | 19098 ||| READING scroll labelled HAVOCWUXTI.
 19098 | D:11     | Identified a scroll of acquirement
 19098 | D:11     | 19098 ||| ACQUIRING +5 broad axe "Musass" {vamp, Dex+4}
 19098 | D:11     | Acquired the +5 broad axe "Musass" {vamp, Dex+4}
 19100 | D:11     | 19100 ||| SWAPPING to +5 broad axe "Musass" {vamp, Dex+4}.
 19101 | D:11     | 19101 ||| UPGRADING to +1 helmet of see invisible.
 19201 | D:12     | Found a staircase to the Orcish Mines.
 19222 | D:12     | 19222 ||| Stepping ~*~*~tactically~*~*~ (stealth).
 19237 | D:12     | 19237 ||| Stepping ~*~*~tactically~*~*~ (stealth).
 19238 | D:12     | 19238 ||| Stepping ~*~*~tactically~*~*~ (stealth).
 19350 | D:12     | 19350 ||| INVOKING Heroism.
 19449 | D:12     | Reached skill level 3 in Dodging
 19804 | D:12     | 19804 ||| Stepping ~*~*~tactically~*~*~ (stealth).
 19806 | D:12     | 19806 ||| Stepping ~*~*~tactically~*~*~ (stealth).
 19813 | D:12     | 19813 ||| Stepping ~*~*~tactically~*~*~ (stealth).
 19816 | D:12     | 19816 ||| Stepping ~*~*~tactically~*~*~ (stealth).
 19822 | D:12     | 19822 ||| INVOKING Heroism.
 19973 | D:12     | 19973 ||| Stepping ~*~*~tactically~*~*~ (stealth).
 19975 | D:12     | 19975 ||| Stepping ~*~*~tactically~*~*~ (stealth).
 20024 | D:12     | 20024 ||| INVOKING Heroism.
 20025 | D:12     | 20025 ||| INVOKING Finesse.
 20027 | D:12     | 20027 ||| SWAPPING to +6 hand axe of Doom {flame, rElec rF+
                  | Str-2 Int+4 Dex+3}.
 20035 | D:12     | 20035 ||| SWAPPING to +5 broad axe "Musass" {vamp, Dex+4}.
 20174 | D:12     | Found a runed translucent door.
 20176 | D:12     | Noticed a storm dragon
 20381 | D:12     | Found a runed translucent door.
 20846 | D:13     | 20846 ||| Stepping ~*~*~tactically~*~*~ (stealth).
 20847 | D:13     | 20847 ||| Stepping ~*~*~tactically~*~*~ (stealth).
 20849 | D:13     | 20849 ||| Stepping ~*~*~tactically~*~*~ (stealth).
 20992 | D:13     | Noticed Sonja
 20993 | D:13     | 20993 ||| INVOKING Finesse.
 21001 | D:13     | Killed Sonja
 21060 | D:13     | 21060 ||| Stepping ~*~*~tactically~*~*~ (hiding).
 21061 | D:13     | 21061 ||| Stepping ~*~*~tactically~*~*~ (hiding).
 21229 | D:13     | 21229 ||| FLEEEEING.
 21230 | D:13     | 21230 ||| FLEEEEING.
 21240 | D:13     | 21240 ||| INVOKING Heroism.
 21241 | D:13     | 21241 ||| SWAPPING to +6 hand axe of Doom {flame, rElec rF+
                  | Str-2 Int+4 Dex+3}.
 21248 | D:13     | 21248 ||| SWAPPING to +5 broad axe "Musass" {vamp, Dex+4}.
 21554 | D:13     | 21554 ||| INVOKING Heroism.
 21824 | D:13     | 21824 ||| UPGRADING to +2 tower shield.
 21834 | D:13     | 21834 ||| DROPPING +0 tower shield.
 21835 | D:13     | 21835 ||| DROPPING ring of magical power.
 21881 | D:14     | 21881 ||| INVOKING Heroism.
 21881 | D:14     | Noticed Azrael
 21882 | D:14     | 21882 ||| INVOKING Finesse.
 21902 | D:14     | Killed Azrael
 21903 | D:14     | Reached skill level 15 in Axes
 22110 | D:14     | 22110 ||| Stepping ~*~*~tactically~*~*~ (stealth).
 22116 | D:14     | 22116 ||| INVOKING Heroism.
 22117 | D:14     | 22117 ||| SWAPPING to +6 hand axe of Doom {flame, rElec rF+
                  | Str-2 Int+4 Dex+3}.
 22125 | D:14     | 22125 ||| SWAPPING to +5 broad axe "Musass" {vamp, Dex+4}.
 22154 | D:14     | 22154 ||| SWAPPING to +6 hand axe of Doom {flame, rElec rF+
                  | Str-2 Int+4 Dex+3}.
 22162 | D:14     | 22162 ||| SWAPPING to +5 broad axe "Musass" {vamp, Dex+4}.
 22266 | D:14     | 22266 ||| INVOKING Heroism.
 22267 | D:14     | 22267 ||| SWAPPING to +6 hand axe of Doom {flame, rElec rF+
                  | Str-2 Int+4 Dex+3}.
 22275 | D:14     | 22275 ||| SWAPPING to +5 broad axe "Musass" {vamp, Dex+4}.
 22281 | D:14     | Gained mutation: Your magical capacity is low. (-10% MP) [a
                  | shining eye]
 22380 | D:14     | 22380 ||| Stepping ~*~*~tactically~*~*~ (stealth).
 22470 | D:14     | 22470 ||| INVOKING Heroism.
 22474 | D:14     | 22474 ||| Stepping ~*~*~tactically~*~*~ (hiding).
 22634 | D:14     | 22634 ||| FLEEEEING.
 22635 | D:14     | 22635 ||| FLEEEEING.
 22706 | D:14     | 22706 ||| Stepping ~*~*~tactically~*~*~ (stealth).
 22710 | D:14     | 22710 ||| INVOKING Heroism.
 22764 | D:14     | 22764 ||| Stepping ~*~*~tactically~*~*~ (hiding).
 22815 | D:14     | 22815 ||| Stepping ~*~*~tactically~*~*~ (hiding).
 22826 | D:14     | 22826 ||| Stepping ~*~*~tactically~*~*~ (stealth).
 22872 | D:14     | 22872 ||| Stepping ~*~*~tactically~*~*~ (hiding).
 22918 | D:14     | Found a gate to the Vaults.
 23075 | D:14     | Reached skill level 12 in Fighting
 23075 | D:14     | Reached XP level 16. HP: 101/101 MP: 18/21
 23113 | D:14     | Noticed Jorgrun
 23114 | D:14     | 23114 ||| INVOKING Heroism.
 23115 | D:14     | 23115 ||| INVOKING Finesse.
 23138 | D:14     | 23138 ||| INVOKING Heroism.
 23143 | D:14     | Killed Jorgrun
 23311 | D:14     | 23311 ||| Stepping ~*~*~tactically~*~*~ (stealth).
 23329 | D:14     | Received a gift from Okawaru
 23526 | D:14     | 23526 ||| READING 6 scrolls of identify.
 23526 | D:14     | 23526 ||| IDENTIFYING glowing silvery potion
 23527 | D:14     | 23527 ||| DROPPING potion of degeneration.
 23554 | D:15     | Entered Level 15 of the Dungeon
 23569 | D:15     | 23569 ||| INVOKING Heroism.
 23571 | D:15     | 23571 ||| Stepping ~*~*~tactically~*~*~ (stealth).
 23631 | D:15     | 23631 ||| Stepping ~*~*~tactically~*~*~ (stealth).
 23700 | D:15     | 23700 ||| INVOKING Heroism.
 23714 | D:15     | 23714 ||| Stepping ~*~*~tactically~*~*~ (hiding).
 23729 | D:15     | 23729 ||| Stepping ~*~*~tactically~*~*~ (stealth).
 23767 | D:15     | 23767 ||| Stepping ~*~*~tactically~*~*~ (hiding).
 23771 | D:15     | 23771 ||| INVOKING Heroism.
 23828 | D:15     | Found a staircase to the Depths.
 23918 | D:15     | 23918 ||| Stepping ~*~*~tactically~*~*~ (stealth).
 23929 | D:15     | Reached ****** piety under Okawaru
 24030 | D:15     | 24030 ||| Stepping ~*~*~tactically~*~*~ (stealth).
 24032 | D:15     | 24032 ||| INVOKING Heroism.
 24033 | D:15     | 24033 ||| SWAPPING to +6 hand axe of Doom {flame, rElec rF+
                  | Str-2 Int+4 Dex+3}.
 24040 | D:15     | 24040 ||| SWAPPING to +5 broad axe "Musass" {vamp, Dex+4}.
 24085 | D:15     | 24085 ||| Stepping ~*~*~tactically~*~*~ (stealth).
 24086 | D:15     | 24086 ||| Stepping ~*~*~tactically~*~*~ (stealth).
 24096 | D:15     | 24096 ||| Stepping ~*~*~tactically~*~*~ (stealth).
 24102 | D:15     | 24102 ||| Stepping ~*~*~tactically~*~*~ (stealth).
 24103 | D:15     | 24103 ||| Stepping ~*~*~tactically~*~*~ (stealth).
 24104 | D:15     | 24104 ||| Stepping ~*~*~tactically~*~*~ (stealth).
 24112 | D:15     | 24112 ||| INVOKING Heroism.
 24113 | D:15     | 24113 ||| READING 6 scrolls of teleportation.
 24275 | D:15     | 24275 ||| INVOKING Heroism.
 24293 | D:15     | Received a gift from Okawaru
 24381 | D:15     | 24381 ||| DROPPING +1 broad axe of venom.
 24396 | D:15     | Found a portal to a secret trove of treasure.
 24426 | D:15     | 24426 ||| Stepping ~*~*~tactically~*~*~ (stealth).
 24603 | D:15     | Found a sparkling altar of Nemelex Xobeh.
 24733 | D:15     | 24733 ||| Stepping ~*~*~tactically~*~*~ (hiding).
 24945 | D:15     | 24945 ||| INVOKING Heroism.
 25077 | D:15     | 25077 ||| PLANNING ORC
 25077 | D:15     | 25077 ||| UPGRADING to amulet of reflection.
 25087 | D:15     | 25087 ||| DROPPING amulet of the acrobat.
 25196 | Orc:1    | Entered Level 1 of the Orcish Mines
 25332 | Orc:2    | Entered Level 2 of the Orcish Mines
 25333 | Orc:2    | 25333 ||| INVOKING Heroism.
 25334 | Orc:2    | 25334 ||| STAIRDANCE
 25340 | Orc:2    | 25340 ||| STAIRDANCE
 25464 | Orc:2    | 25464 ||| INVOKING Heroism.
 25541 | Orc:2    | 25541 ||| Stepping ~*~*~tactically~*~*~ (stealth).
 25622 | Orc:2    | 25622 ||| Stepping ~*~*~tactically~*~*~ (stealth).
 25623 | Orc:2    | 25623 ||| Stepping ~*~*~tactically~*~*~ (stealth).
 25628 | Orc:2    | 25628 ||| INVOKING Heroism.
 25635 | Orc:2    | 25635 ||| Stepping ~*~*~tactically~*~*~ (stealth).
 25666 | Orc:2    | 25666 ||| Stepping ~*~*~tactically~*~*~ (hiding).
 25684 | Orc:2    | 25684 ||| Stepping ~*~*~tactically~*~*~ (stealth).
 25699 | Orc:2    | 25699 ||| Stepping ~*~*~tactically~*~*~ (stealth).
 25750 | Orc:2    | 25750 ||| INVOKING Heroism.
 25845 | Orc:2    | Found Meh Fiac's Antique Armour Shop.
 25846 | Orc:2    | 25846 ||| INVOKING Heroism.
 25887 | Orc:2    | Found Cadghibb's Jewellery Boutique.
 25936 | Orc:2    | 25936 ||| BUYING ring of protection from cold (300 gold).
 25936 | Orc:2    | Bought a ring of protection from cold for 300 gold pieces
 25936 | Orc:2    | 25936 ||| BUYING ring of resist corrosion (240 gold).
 25936 | Orc:2    | Bought a ring of resist corrosion for 240 gold pieces
 25936 | Orc:2    | 25936 ||| BUYING ring of see invisible (180 gold).
 25936 | Orc:2    | Bought a ring of see invisible for 180 gold pieces
 25941 | Orc:2    | 25941 ||| Stepping ~*~*~tactically~*~*~ (hiding).
 25944 | Orc:2    | 25944 ||| INVOKING Heroism.
 26045 | Orc:2    | 26045 ||| INVOKING Heroism.
 26161 | Orc:2    | 26161 ||| INVOKING Heroism.
 26318 | Orc:2    | 26318 ||| Stepping ~*~*~tactically~*~*~ (hiding).
 26319 | Orc:2    | 26319 ||| Stepping ~*~*~tactically~*~*~ (hiding).
 26347 | Orc:2    | 26347 ||| INVOKING Heroism.
 26348 | Orc:2    | 26348 ||| INVOKING Finesse.
 26434 | Orc:2    | Received a gift from Okawaru
 26657 | Orc:2    | 26657 ||| INVOKING Heroism.
 26670 | Orc:2    | Reached skill level 12 in Armour
 26843 | Orc:2    | 26843 ||| Stepping ~*~*~tactically~*~*~ (stealth).
 26844 | Orc:2    | 26844 ||| Stepping ~*~*~tactically~*~*~ (stealth).
 26857 | Orc:2    | 26857 ||| Stepping ~*~*~tactically~*~*~ (stealth).
 26899 | Orc:2    | Found a staircase to the Elven Halls.
 27019 | Orc:2    | 27019 ||| INVOKING Heroism.
 27085 | Orc:2    | 27085 ||| Stepping ~*~*~tactically~*~*~ (hiding).
 27088 | Orc:2    | 27088 ||| Stepping ~*~*~tactically~*~*~ (hiding).
 27089 | Orc:2    | 27089 ||| Stepping ~*~*~tactically~*~*~ (hiding).
 27090 | Orc:2    | 27090 ||| Stepping ~*~*~tactically~*~*~ (hiding).
 27091 | Orc:2    | 27091 ||| Stepping ~*~*~tactically~*~*~ (hiding).
 27113 | Orc:2    | 27113 ||| Stepping ~*~*~tactically~*~*~ (hiding).
 27115 | Orc:2    | 27115 ||| Stepping ~*~*~tactically~*~*~ (hiding).
 27128 | Orc:2    | 27128 ||| Stepping ~*~*~tactically~*~*~ (hiding).
 27142 | Orc:2    | 27142 ||| Stepping ~*~*~tactically~*~*~ (stealth).
 27168 | Orc:2    | 27168 ||| INVOKING Heroism.
 27169 | Orc:2    | 27169 ||| INVOKING Finesse.
 27345 | Orc:2    | Found Hekesoz's General Store.
 27357 | Orc:2    | 27357 ||| BUYING potion of haste (130 gold).
 27357 | Orc:2    | Bought a potion of haste for 130 gold pieces
 27357 | Orc:2    | 27357 ||| BUYING scroll of identify (26 gold).
 27357 | Orc:2    | Bought a scroll of identify for 26 gold pieces
 27382 | Orc:2    | 27382 ||| Stepping ~*~*~tactically~*~*~ (hiding).
 27385 | Orc:2    | 27385 ||| INVOKING Heroism.
 27494 | Orc:2    | 27494 ||| Stepping ~*~*~tactically~*~*~ (hiding).
 27516 | Orc:2    | 27516 ||| Stepping ~*~*~tactically~*~*~ (hiding).
 27546 | Orc:2    | 27546 ||| INVOKING Heroism.
 27638 | Orc:2    | 27638 ||| INVOKING Heroism.
 27639 | Orc:2    | Found Jamatuc's Weapon Shoppe.
 27660 | Orc:2    | Gained mutation: Armour fits poorly on your strangely
                  | shaped body. [a neqoxec]
 27662 | Orc:2    | 27662 ||| DRINKING 6 potions of mutation.
 27662 | Orc:2    | Lost mutation: Armour fits poorly on your strangely shaped
                  | body. [potion of mutation]
 27662 | Orc:2    | Lost mutation: Your magical capacity is low. (-10% MP)
                  | [potion of mutation]
 27662 | Orc:2    | Gained mutation: You have sharp toenails. [potion of
                  | mutation]
 27662 | Orc:2    | Gained mutation: [You occasionally lose the ability to read
                  | scrolls when taking damage.] [potion of mutation]
 27662 | Orc:2    | Gained mutation: Your spells are a little harder to cast,
                  | but a little more powerful. [potion of mutation]
 27663 | Orc:2    | 27663 ||| DRINKING 5 potions of mutation.
 27663 | Orc:2    | Lost mutation: Your spells are a little harder to cast, but
                  | a little more powerful. [potion of mutation]
 27663 | Orc:2    | Lost mutation: [You occasionally lose the ability to read
                  | scrolls when taking damage.] [potion of mutation]
 27663 | Orc:2    | Lost mutation: You have sharp toenails. [potion of
                  | mutation]
 27663 | Orc:2    | Gained mutation: You have a somewhat thin skeletal
                  | structure. (Dex +2, Stealth+) [potion of mutation]
 27663 | Orc:2    | Gained mutation: You have sharp toenails. [potion of
                  | mutation]
 27822 | Orc:2    | 27822 ||| INVOKING Heroism.
 28029 | Orc:2    | 28029 ||| READING scroll of enchant armour.
 28029 | Orc:2    | 28029 ||| ENCHANTING +1 helmet of see invisible.
 28030 | Orc:2    | 28030 ||| DROPPING +2 helmet.
 28031 | Orc:2    | 28031 ||| UPGRADING to +4 plate armour of fire resistance.
 28041 | Orc:2    | 28041 ||| READING 3 scrolls labelled VEATWE HOPP.
 28126 | Orc:2    | 28126 ||| DROPPING 2 scrolls of torment.
 28160 | Orc:1    | 28160 ||| INVOKING Heroism.
 28634 | Orc:1    | 28634 ||| PLANNING SHOALS:1-3
 28847 | Shoals:1 | Entered Level 1 of the Shoals
 28939 | Shoals:1 | 28939 ||| Stepping ~*~*~tactically~*~*~ (hiding).
 29001 | Shoals:1 | 29001 ||| INVOKING Heroism.
 29142 | Shoals:1 | 29142 ||| INVOKING Heroism.
 29517 | Shoals:1 | Received a gift from Okawaru
 29801 | Shoals:2 | 29801 ||| INVOKING Heroism.
 29813 | Shoals:2 | Reached XP level 17. HP: 89/106 MP: 7/24
 29820 | Shoals:2 | Received a gift from Okawaru
 30265 | Shoals:2 | 30265 ||| Stepping ~*~*~tactically~*~*~ (stealth).
 30266 | Shoals:2 | 30266 ||| Stepping ~*~*~tactically~*~*~ (stealth).
 30338 | Shoals:2 | You are sucked into a shaft and drop 1 floor!
 30364 | Shoals:3 | 30364 ||| DROPPING amulet of regeneration.
 30377 | Shoals:2 | 30377 ||| INVOKING Heroism.
 30539 | Shoals:2 | 30539 ||| Stepping ~*~*~tactically~*~*~ (stealth).
 30554 | Shoals:2 | 30554 ||| INVOKING Heroism.
 30757 | Shoals:2 | 30757 ||| READING scroll of enchant armour.
 30757 | Shoals:2 | 30757 ||| ENCHANTING +4 plate armour of fire resistance.
 30886 | Shoals:2 | 30886 ||| INVOKING Heroism.
 31057 | Shoals:2 | 31057 ||| DROPPING +2 plate armour of Ashenzari's Grace
                  | {rElec Str+4}.
 31184 | Shoals:3 | 31184 ||| INVOKING Heroism.
 31185 | Shoals:3 | Found a runed translucent gate.
 31185 | Shoals:3 | Found a runed translucent gate.
 31185 | Shoals:3 | Found a runed translucent gate.
 31220 | Shoals:3 | 31220 ||| READING 7 scrolls of teleportation.
 31248 | Shoals:3 | 31248 ||| INVOKING Heroism.
 31499 | Shoals:3 | Noticed Louise
 31521 | Abyss:3  | Cast into level 3 of the Abyss (Louise)
 31545 | Abyss:3  | 31545 ||| INVOKING Heroism.
 31620 | Abyss:3  | 31620 ||| Stepping ~*~*~tactically~*~*~ (stealth).
 31620 | Abyss:3  | Noticed a tentacled starspawn
 31621 | Abyss:3  | 31621 ||| Stepping ~*~*~tactically~*~*~ (hiding).
 31624 | Abyss:3  | 31624 ||| INVOKING Heroism.
 31625 | Abyss:3  | Noticed a tentacled starspawn
 31626 | Abyss:3  | Reached skill level 6 in Throwing
 31644 | Abyss:3  | Killed a tentacled starspawn
 31644 | Abyss:3  | Received a gift from Okawaru
 31644 | Abyss:3  | Killed a tentacled starspawn
 31660 | Abyss:3  | 31660 ||| Stepping ~*~*~tactically~*~*~ (stealth).
 31665 | Abyss:3  | 31665 ||| Stepping ~*~*~tactically~*~*~ (stealth).
 31711 | Abyss:3  | 31711 ||| Stepping ~*~*~tactically~*~*~ (stealth).
 31721 | Abyss:3  | 31721 ||| Stepping ~*~*~tactically~*~*~ (hiding).
 31728 | Abyss:3  | 31728 ||| Stepping randomly (cloudy).
 31741 | Abyss:3  | 31741 ||| INVOKING Heroism.
 31796 | Abyss:3  | Gained mutation: You are dopey. (Int -2) [a cacodemon]
 31796 | Abyss:3  | Gained mutation: You are very dopey. (Int -4) [a cacodemon]
 31798 | Abyss:3  | Gained mutation: Your spells are a little easier to cast,
                  | but a little less powerful. [a cacodemon]
 31799 | Abyss:3  | Gained mutation: You occasionally lose the ability to drink
                  | potions when taking damage. [a cacodemon]
 31805 | Abyss:3  | 31805 ||| DRINKING 5 potions of curing.
 31805 | Abyss:3  | 31805 ||| (to cure confusion)
 31808 | Abyss:3  | HP: 28/162 [wretched star/lance of force (15)]
 31811 | Abyss:3  | HP: 10/162 [deep elf sorcerer/bolt of acid (10)]
 31811 | Abyss:3  | Killed from afar by a wretched star

Levels and vault maps discovered:
D:1:      scummos_arrival_gate, layout_loops_ring, minmay_tetromino_l4
D:2:      layout_basic, shapermc_ecumenical_altar_petra, minmay_circle_x,
          uniq_crazy_yiuf_cottage, uniq_jessica, uniq_sigmund
D:3:      layout_rooms
D:4:      layout_gridville, serial_shops, nicolae_shop_advertising_works
          [nicolae_subvault_shop_adworks], st_stairs_7, serial_park_tiny_2,
          hex_tiny
D:5:      layout_basic, serial_shops, nicolae_square_shop,
          chequers_serial_rivers_micro_b, uniq_menkaure, uniq_prince_ribbit1
D:6:      layout_basic, gammafunk_temple_overflow_elements,
          okawaru_ov_weapons_minmay, minmay_temple_entry_offerings,
          serial_shops, shop, kennysheep_mini, shop, shop_fountains, shop,
          uniq_duvessa
D:7:      layout_layer_cave, mainiacjoe_overflow_tiny_flanked, serial_demonic,
          serial_demonic_g, serial_demonic_g, serial_demonic_e,
          serial_demonic_f, serial_shops, shop, minmay_misc_feat_rugged,
          guppyfry_shop_venom
D:8:      minmay_cornered_nines, layout_gridville, kennysheep_slug_shrine,
          erik_lair_orcish_takeover, nicolae_shop_unique_rings, uniq_maurice
D:9:      layout_basic, grunt_ministairs_7, st_stairs_3
D:10:     layout_long_grid, nicolae_gozag_seed_capital, enter_bailey_2,
          serial_shops, shop, minmay_quadrilaterals
D:11:     layout_loops_corners, serial_shops, nicolae_shop_hallway_plus,
          kiku_gazebo_pond_becter, uniq_snorg
D:12:     minmay_expanding_circles, layout_irregular_city,
          minmay_orc_entry_guard_dogs
D:13:     layout_layer_cave, uniq_sonja
D:14:     layout_roguey, grunt_vaults_entry_fortified,
          chequers_serial_rivers_small_b, minmay_pinched_square, uniq_jorgrun,
          uniq_azrael
D:15:     grunt_enter_depths_hoard, layout_loops_ring,
          nicolae_trove_entry_isolated, nemelex_diamond_rough_becter
Lair:1:   layout_cellular_growth, grunt_megastairs_4
Lair:2:   layout_hall_layers, shoals_dummy_entry, dummy_spider_entry,
          gammafunk_ghost_grave, infiniplex_staircase_pool, lemuel_fruit_tree,
          grunt_megastairs_5, serial_bayou_shore_b
Lair:3:   layout_long_grid, beast_lair_carwin_4, grunt_megastairs_2,
          infiniplex_staircase_pool_2
Lair:4:   layout_roguey, minmay_slime_entry_pillars, special_room
          [special_room_mythical_zoo], lemuel_old_faithful
Lair:5:   minmay_lair_end_enchanted_forest, layout_regular_city,
          serial_bayou_pond_c, lemuel_fruit_fields
Shoals:1: layout_shoals
Shoals:2: layout_shoals, nicolae_splish_splash
Shoals:3: layout_shoals, nicolae_shoals_beach_cooler, uniq_louise
Orc:1:    layout_caves
Orc:2:    pubby_orc_utopia, serial_shops
Abyss:3:  base: D:12, evilmike_abyss_exit_10

Skill      XL: |  1  2  3  4  5  6  7  8  9 10 11 12 13 14 15 16 17 |
---------------+----------------------------------------------------+-----
Axes           | 2 3 5 6 7 8 9 10 11 12 14 15 16 17 | 17.4
Fighting       | 4 6 7 8 9 10 12 13 | 13.0
Throwing       | 1 2 4 5 6 |  6.0
Dodging        | 1 2 4 5 |  5.0
Invocations    | 4 5 9 10 | 10.0
Armour         | 6 7 9 10 11 12 | 12.0
Shields        | 4 7 9 13 14 15 16 17 | 17.5

Action                   |  1- 3 |  4- 6 |  7- 9 | 10-12 | 13-15 | 16-18 || total
-------------------------+-------+-------+-------+-------+-------+-------++-------
Melee: War axe           |   102 |   100 |   257 |   287 |       |       ||   746
       Broad axe         |       |       |       |    28 |   836 |   873 ||  1737
       Eveningstar       |       |       |       |    16 |     2 |       ||    18
       Hand axe          |       |       |       |       |    32 |     6 ||    38
Throw: Javelin           |       |    24 |     4 |     1 |    65 |    53 ||   147
       Boomerang         |       |    10 |    53 |    91 |    90 |    40 ||   284
Invok: Heroism           |       |       |     8 |    27 |    35 |    37 ||   107
       Finesse           |       |       |       |     4 |    12 |     3 ||    19
  Use: Scroll            |     1 |     9 |    12 |     4 |     5 |     6 ||    37
       Potion            |     1 |     3 |     4 |       |       |     3 ||    11
 Stab: Paralysed         |       |       |     5 |     2 |       |       ||     7
       Petrifying        |       |       |       |     2 |       |       ||     2
       Confused          |       |       |       |     2 |       |       ||     2
       Petrified         |       |       |       |     2 |       |     7 ||     9
       Distracted        |       |       |       |       |     1 |       ||     1
Armor: Scale mail        |    16 |       |       |       |       |       ||    16
       Chain mail        |    36 |    58 |    90 |       |       |       ||   184
       Plate armour      |       |       |    63 |   167 |   283 |   219 ||   732
Dodge: Dodged            |    37 |    34 |    73 |   103 |   156 |   122 ||   525
Block: Buckler           |    11 |    14 |    40 |    16 |       |       ||    81
       Kite shield       |       |       |       |    95 |       |       ||    95
       Tower shield      |       |       |       |    46 |   634 |   821 ||  1501
       Reflection        |       |       |       |       |       |    36 ||    36

Table legend:
 A = Non-vault XP
 B = Vault XP
 C = Vault XP percentage of total XP
 D = Non-vault monster count
 E = Vault monster count
 F = Vault count percentage of total count
                 A         B        C        D         E       F
            +---------+---------+-------+---------+---------+-------
      Total |  149489 |   71117 |  32.2 |     615 |     333 |  35.1
            +---------+---------+-------+---------+---------+-------
        D:1 |      27 |      10 |  27.0 |      17 |       4 |  19.0
        D:2 |      42 |     268 |  86.5 |      21 |       5 |  19.2
        D:3 |      69 |       0 |   0.0 |      12 |       0 |   0.0
        D:4 |      67 |       2 |   2.9 |      17 |       1 |   5.6
        D:5 |     692 |     458 |  39.8 |      30 |       2 |   6.2
        D:6 |     925 |     229 |  19.8 |      29 |       2 |   6.5
        D:7 |    1641 |     161 |   8.9 |      27 |      10 |  27.0
        D:8 |    1487 |    2746 |  64.9 |      22 |      15 |  40.5
        D:9 |    2679 |     705 |  20.8 |      25 |       7 |  21.9
       D:10 |    1354 |     145 |   9.7 |      10 |       2 |  16.7
       D:11 |    6162 |     942 |  13.3 |      19 |       1 |   5.0
       D:12 |    7216 |    2719 |  27.4 |      27 |       7 |  20.6
       D:13 |    9128 |     785 |   7.9 |      17 |       1 |   5.6
       D:14 |    3538 |   17852 |  83.5 |      11 |      33 |  75.0
       D:15 |   16960 |    1796 |   9.6 |      34 |       2 |   5.6
     Lair:1 |    6697 |      96 |   1.4 |      20 |       1 |   4.8
     Lair:2 |    8409 |    1230 |  12.8 |      33 |       7 |  17.5
     Lair:3 |    7898 |    3323 |  29.6 |      25 |      11 |  30.6
     Lair:4 |   11527 |    5803 |  33.5 |      34 |      28 |  45.2
     Lair:5 |   18604 |    7855 |  29.7 |      61 |      44 |  41.9
   Shoals:1 |    5313 |       0 |   0.0 |      13 |       0 |   0.0
   Shoals:2 |   12494 |    3700 |  22.8 |      31 |       6 |  16.2
   Shoals:3 |    7060 |       0 |   0.0 |      17 |       0 |   0.0
      Orc:1 |    1455 |      27 |   1.8 |      22 |       9 |  29.0
      Orc:2 |       0 |   20265 | 100.0 |       0 |     135 | 100.0
    Abyss:3 |   18045 |       0 |   0.0 |      41 |       0 |   0.0
            +---------+---------+-------+---------+---------+-------
